AoeStats
← cafikjosef

Arabia

510151947Analyzed
1v1 RM · 3d ago on Sep 29, 2026· 51m 32s· 2 players
Game mode
Random Map
Map size
Tiny (2 player)
Population
200
Speed
Normal
Resources
Standard
Victory
Conquest
Starting age
Dark Age
Ending age
Imperial Age
RankedLock teamsTeams togetherTeam positionsShared explorationLock speedFull tech treeHidden civsTurbo modeCheats
Victory
Defeat
🇨🇿 Italians · Czechia
820
+15
🇩🇪 Saxons · Germany
806
-15
Kuno
6:31 Loom
10:09 Feudal Age
11:50 Gold Mining
11:36 Man-at-Arms
17:20 Fletching
24:29 Castle Age
24:47 Long Swordsman
27:01 Elite Skirmisher
35:03 Crossbowman
35:15 Pikeman
41:15 Imperial Age
38:49 Double-Bit Axe
40:06 Squires
40:31 Scale Mail Armor
41:38 Halberdier
43:42 Chemistry
47:26 Onager
47:36 Onager
48:49 Scale Barding Armor
49:02 Chain Mail Armor
cafikjosef
6:36 Loom
10:14 Feudal Age
10:49 Double-Bit Axe
12:04 Horse Collar
19:03 Gold Mining
19:22 Fletching
19:33 Padded Archer Armor
25:04 Castle Age
25:25 Wheelbarrow
24:36 Town Watch
25:57 Bodkin Arrow
26:08 Scale Barding Armor
26:12 Thumb Ring
31:07 Husbandry
32:52 Stone Mining
33:21 Bow Saw
35:33 Heavy Plow
36:35 Chain Barding Armor
36:45 Leather Archer Armor
38:18 Bloodlines
41:08 Imperial Age
38:27 Treadmill Crane
38:58 Masonry
38:44 Murder Holes
39:41 Forging
42:25 Ballistics
43:06 Chemistry
42:10 Bracer
42:41 Ring Archer Armor
43:11 Conscription
43:27 Hand Cart
43:13 Town Patrol
45:10 Cavalier
47:53 Arrowslits
48:39 Architecture
Connection lost

Rejoining the realm…

Still unreachable

The connection could not be restored.

Session expired

The server has moved on; the page needs a fresh start.